 Dungeon Crawl Stone Soup version 0.22.1-2-g9c5b331 (webtiles) character file.

422 Gearfox the Cudgeler (level 6, 0/53 HPs)
             Began as a Minotaur Berserker on Dec 9, 2018.
             Was a Priest of Trog.
             Killed by nerve-wracking pain
             ... invoked by Grinder
              (11 damage)
             ... on level 4 of the Dungeon.
             The game lasted 00:07:46 (2734 turns).

Gearfox the Cudgeler (Minotaur Berserker)           Turns: 2734, Time: 00:07:46

Health: 0/53       AC: 14    Str: 23    XL:     6   Next: 63%
Magic:  0/5        EV: 11    Int:  4    God:    Trog [***...]
Gold:   216        SH:  0    Dex: 10    Spells: 5/5 levels left

rFire    + . .     SeeInvis .   i - +5 scythe (protect)
rCold    . . .     Gourm    .   (shield currently unavailable)
rNeg     . . .     Faith    .   s - +1 ring mail {rF+}
rPois    .         Spirit   +   (helmet restricted)
rElec    .         Reflect  .   l - scarf {Spirit}
rCorr    .         Harm     .   (no gloves)
MR       .....                  (no boots)
Stlth    +.........             (no amulet)
HPRegen  0.17/turn              b - ring of stealth
MPRegen  0.09/turn              (no ring)

@: protection aura, berserk cooldown, slowed, very slow
A: retaliatory headbutt, horns 2
a: Berserk, Trog's Hand, Renounce Religion


You were on level 4 of the Dungeon.
You worshipped Trog.
Trog was most pleased with you.
You were not hungry.

You visited 1 branch of the dungeon, and saw 4 of its levels.

You collected 216 gold pieces.

Inventory:

Hand Weapons
 a - a +0 mace
 i - a +5 scythe of protection (weapon)
Armour
 l - a scarf of spirit shield (worn)
 s - a +1 ring mail of fire resistance (worn)
Jewellery
 b - a ring of stealth (left hand)
Scrolls
 e - 3 scrolls of remove curse
 f - a scroll of blinking
 g - 2 scrolls of fear
Potions
 d - a potion of curing
 h - a potion of agility {unknown}
 j - a potion of degeneration {unknown}
 k - 2 potions of brilliance
 n - a potion of might {unknown}
 o - a potion of berserk rage {unknown}
Comestibles
 c - 2 rations
 r - 8 chunks of flesh


   Skills:
 + Level 4.7 Fighting
 - Level 7.1 Maces & Flails
 * Level 1.7 Polearms
 + Level 4.8 Armour
 - Level 2.1 Dodging


You had 5 spell levels left.
You didn't know any spells.
Your spell library was empty.

Dungeon Overview and Level Annotations

Branches:
Dungeon (4/15)             Temple (0/1) D:4

Altars:
Gozag
Qazlal

Shops:
D:4 =

Annotations:
D:4 Grinder


Innate Abilities, Weirdness & Mutations

You reflexively headbutt those who attack you in melee.
You have a pair of horns on your head.


Message History

You furiously retaliate!
You headbutt Grinder. The goblin closely misses you. You furiously retaliate!
You headbutt the goblin!
You kill the goblin!
Trog accepts your kill. The goblin closely misses you.
Unknown command.
You slash Grinder!
Your weapon exudes an aura of protection.
Grinder is severely wounded.
Your skin stops crawling.
You feel less resistant to hostile enchantments.
Grinder misses you. The goblin hits you but does no damage.
Grinder barely misses you. You furiously retaliate!
You headbutt Grinder. The goblin completely misses you.
You furiously retaliate!
You headbutt the goblin!
You kill the goblin!
Trog accepts your kill. Grinder gestures at you. Pain shoots through your body!
You die...

***,,,,,,* #...#*,#.# #......
,,,******* #...##,#.# #......
,,,* #....#,#.# #...... ,,,*
#....#+#.# #...... ****
###########........###...... *
#..........÷................ *
#...........##.....###...... *
#.........))##.#............ *
#.........)@##..######+#####
*#####.........5)###.#*,,,,,,*
,.......∩........# #..*,,,,,,*
,................# ##.#,<,,,,*
,....g.###.......# *..,,,,,,*
,......* #..§.§..# **,,,,,,,*
,....g,* ##.§§§.## *,,,,,,,*
,....,,* #.§...# *,,,,,,,*
,..,,,,* #.....# *,,***+**


You could see Grinder.

Vanquished Creatures
  Sigmund (D:3)
  A crimson imp (D:2)
  An orc wizard (D:4)
  An iguana (D:4)
  A worker ant (D:4)
  Robin (D:4)
  5 adders
  2 worms
  3 dart slugs
  3 leopard geckos
  7 orcs
  7 bats
  15 goblins
  6 hobgoblins
  A jackal (D:3)
  5 kobolds
  A quokka (D:3)
  2 ball pythons (D:2)
  4 frilled lizards
  9 rats
76 creatures vanquished.

Notes
Turn   | Place    | Note
-------+----------+-------------------------------------------
     0 | D:1      | Gearfox the Minotaur Berserker began the quest for the Orb.
     0 | D:1      | Reached XP level 1. HP: 19/19 MP: 0/0
   166 | D:1      | Reached skill level 4 in Maces & Flails
   282 | D:1      | Reached XP level 2. HP: 24/27 MP: 1/1
   516 | D:1      | Reached ** piety under Trog
   516 | D:1      | Reached XP level 3. HP: 33/33 MP: 2/2
  1211 | D:2      | Reached skill level 5 in Maces & Flails
  1448 | D:2      | Reached XP level 4. HP: 31/40 MP: 3/3
  1646 | D:3      | Found an opulent altar of Gozag.
  1688 | D:3      | Found a stormy altar of Qazlal.
  1841 | D:3      | Reached skill level 6 in Maces & Flails
  2020 | D:3      | Reached XP level 5. HP: 47/47 MP: 4/4
  2045 | D:3      | Noticed Sigmund
  2076 | D:3      | Killed Sigmund
  2076 | D:3      | Reached skill level 7 in Maces & Flails
  2076 | D:3      | Reached XP level 6. HP: 21/53 MP: 2/5
  2656 | D:4      | Reached skill level 1 in Polearms
  2673 | D:4      | Found Fyng's Jewellery Boutique.
  2683 | D:4      | Found a staircase to the Ecumenical Temple.
  2705 | D:4      | Noticed Robin
  2719 | D:4      | Reached *** piety under Trog
  2721 | D:4      | Noticed Grinder
  2724 | D:4      | Killed Robin
  2727 | D:4      | Paralysed by Grinder for 3 turns
  2730 | D:4      | HP: 2/53 [Grinder (3)]
  2734 | D:4      | Killed from afar by Grinder

Skill      XL: |  1  2  3  4  5  6 |
---------------+-------------------+-----
Maces & Flails | 4 5 6 7 |  7.1
Fighting       | 4 |  4.7
Armour         | 3 4 |  4.8
Polearms       | 1 |  1.7
Dodging        | |  2.1

Action                   |  1- 3 |  4- 6 || total
-------------------------+-------+-------++-------
Melee: Mace              |   109 |    42 ||   151
       Headbutt          |     8 |    14 ||    22
       Scythe            |       |    32 ||    32
Invok: Berserk           |       |     2 ||     2
       Trog's Hand       |       |     1 ||     1
  Use: Scroll            |     6 |     5 ||    11
       Potion            |       |     1 ||     1
 Stab: Sleeping          |       |     1 ||     1
  Eat: Chunk             |     2 |     3 ||     5
       Ration            |       |     1 ||     1
Armor: Animal skin       |     7 |       ||     7
       Ring mail         |    35 |    50 ||    85
Dodge: Dodged            |    63 |    85 ||   148
